 Dungeon Crawl Stone Soup version 0.23-a0-14-g8c9a20f (webtiles) character file.

5992 galech the Fighter (level 10, -2/91 HPs)
             Began as a Minotaur Fighter on Aug 2, 2018.
             Was a Believer of Makhleb.
             Slain by a deep elf mage
             ... wielding a +3 long sword
              (4 damage)
             ... in a bailey.
             The game lasted 00:09:38 (7238 turns).

galech the Fighter (Minotaur Fighter)               Turns: 7238, Time: 00:09:39

Health: -2/91      AC:  9    Str: 21    XL:     10   Next: 55%
Magic:  0/14       EV:  9    Int:  5    God:    Makhleb [**....]
Gold:   434        SH: 12    Dex: 13    Spells: 9/9 levels left

rFire    . . .     SeeInvis +   a - +0 war axe
rCold    . . .     Gourm    .   c - +0 shield
rNeg     . . .     Faith    .   y - +0 ring mail {MR+}
rPois    .         Spirit   +   (helmet restricted)
rElec    .         Reflect  .   J - +0 cloak
rCorr    .         Harm     .   (no gloves)
MR       +....                  u - +0 pair of boots
Stlth    +.........             q - amulet of guardian spirit
HPRegen  0.25/turn              i - ring of see invisible
MPRegen  0.14/turn              (no ring)

@: no status effects
A: retaliatory headbutt, horns 2
a: Minor Destruction, Renounce Religion


You were in a bailey.
You worshipped Makhleb.
Makhleb was pleased with you.
You were hungry.

You visited 1 branch of the dungeon, and saw 9 of its levels.
You also visited: Bailey.

You collected 434 gold pieces.

Inventory:

Hand Weapons
 a - a +0 war axe (weapon)
Armour
 b - a +0 scale mail
 c - a +0 shield (worn)
 u - a +0 pair of boots (worn)
 y - a +0 ring mail of magic resistance (worn)
 J - a +0 cloak (worn)
Jewellery
 i - a ring of see invisible (left hand)
 n - an uncursed ring of ice
 q - an amulet of guardian spirit (around neck)
Wands
 x - a wand of polymorph (10)
 C - a wand of enslavement (17)
 E - a wand of iceblast (8)
 F - a wand of paralysis (16)
 G - a wand of digging (10)
Scrolls
 g - 3 scrolls of amnesia
 k - a scroll of noise
 l - 4 scrolls of teleportation
 o - 3 scrolls of remove curse
 p - a scroll of silence {unknown}
 s - 2 scrolls of fog
 v - 2 scrolls of immolation {unknown}
 w - a scroll of magic mapping {unknown}
 A - 2 scrolls of blinking {unknown}
 B - 2 scrolls of enchant armour {unknown}
 H - a scroll of fear {unknown}
Potions
 d - a potion of might
 e - 3 potions of flight {unknown}
 h - 3 potions of heal wounds {unknown}
 j - 8 potions of curing {unknown}
 m - 2 potions of brilliance {unknown}
 r - 3 potions of invisibility {unknown}
 t - 2 potions of lignification {unknown}
 z - 2 potions of ambrosia {unknown}
 D - a potion of mutation {unknown}
Comestibles
 f - 14 rations


   Skills:
 + Level 9.3 Fighting
 + Level 9.2 Axes
 + Level 9.3 Armour
 - Level 0.6 Dodging
 - Level 0.9 Stealth
 + Level 9.3 Shields
 + Level 6.6 Invocations


You had 9 spell levels left.
You didn't know any spells.
Your spell library was empty.

Dungeon Overview and Level Annotations

Branches:
Dungeon (9/15)             Temple (0/1) D:4
   Lair: D:8-11         Orc: D:9-12

Altars:
Cheibriados
Dithmenos
Elyvilon
Fedhas
Gozag
Hepliaklqana
Makhleb
Nemelex Xobeh
Trog
Uskayaw
Vehumet
Yredelemnul
The Shining One


Innate Abilities, Weirdness & Mutations

You reflexively headbutt those who attack you in melee.
You have a pair of horns on your head.


Message History

* * * LOW HITPOINT WARNING * * *
You are too injured to fight recklessly!
The battlesphere dissipates.
The deep elf mage mumbles some strange words.
Things that are here:
a dagger; a leather armour You slash the deep elf mage!
The deep elf mage is moderately wounded.
You block the deep elf mage's attack.
Unknown command.
You are too injured to fight recklessly!
You miss the deep elf mage.
The deep elf mage is moderately wounded.
The deep elf mage hits you with an enchanted long sword.
* * * LOW HITPOINT WARNING * * *
Unknown command.
As you read the scroll of fog, it crumbles to dust.
The scroll dissolves into smoke.
The deep elf mage hits you with an enchanted long sword.
You die...

.######'##..##
##...###...###
#.....#.....#
#.....#..∩..#
#...*Y#.....#
#...e#....##
#e#####
#....#e§§.##
#.....#§@§§.#
#.....#§§§..#
#.....#...§.#
##...###...##
.### ####. ..
.. .. .##


You could see 2 deep elf magi.

Vanquished Creatures
  2 two-headed ogres (D:8)
  2 deep elf magi (Bailey)
  A hippogriff (D:7)
  A spriggan (D:7)
  A wyvern (D:8)
  A soldier ant (D:7)
  4 sky beasts
  A black bear (D:7)
  3 ice beasts
  3 orc warriors
  3 ogres
  A centaur (D:8)
  6 bullfrogs
  A gnoll sergeant (D:8)
  A scorpion (D:6)
  5 killer bees (D:8)
  3 wights (D:7)
  2 howler monkeys
  A bullfrog zombie (D:8)
  2 quasits
  2 centaur skeletons
  A gnoll shaman (D:4)
  5 hounds
  2 jellies
  A bullfrog skeleton (D:9)
  2 iguanas
  Terence (D:2)
  6 worker ants
  A hound zombie (D:8)
  2 hound skeletons
  8 gnolls
  A howler monkey skeleton (D:4)
  4 adders
  A shadow imp (D:7)
  An adder skeleton (D:7)
  A worm (D:6)
  4 dart slugs
  5 leopard geckos
  8 orcs
  A ball python (D:4)
  5 bats
  6 giant cockroaches
  8 goblins
  12 hobgoblins
  6 jackals
  6 kobolds
  2 quokkas
  6 frilled lizards
  A leopard gecko skeleton (D:8)
  A leopard gecko zombie (D:8)
  2 quokka skeletons
  5 rats
161 creatures vanquished.

Vanquished Creatures (others)
  A deep elf mage (Bailey)
1 creature vanquished.

Grand Total: 162 creatures vanquished

Notes
Turn   | Place    | Note
-------+----------+-------------------------------------------
     0 | D:1      | galech the Minotaur Fighter began the quest for the Orb.
     0 | D:1      | Reached XP level 1. HP: 19/19 MP: 0/0
    80 | D:1      | Reached XP level 2. HP: 27/27 MP: 1/1
   228 | D:1      | Reached XP level 3. HP: 33/33 MP: 2/2
   706 | D:2      | Found a blossoming altar of Fedhas.
   842 | D:2      | Noticed Terence
   850 | D:2      | Killed Terence
   850 | D:2      | Reached XP level 4. HP: 26/41 MP: 3/3
  1221 | D:2      | You fall through a shaft for 2 floors!
  1277 | D:3      | Reached XP level 5. HP: 46/47 MP: 4/4
  1297 | D:2      | Found an opulent altar of Gozag.
  1514 | D:3      | Found a burning altar of Makhleb.
  1525 | D:3      | Became a worshipper of Makhleb the Destroyer
  2031 | D:4      | Reached skill level 1 in Invocations
  2038 | D:3      | Reached XP level 6. HP: 19/55 MP: 5/5
  2241 | D:4      | Reached skill level 5 in Fighting
  2241 | D:4      | Reached skill level 5 in Shields
  2330 | D:4      | Found a hazy altar of Hepliaklqana.
  2332 | D:4      | Noticed a sky beast
  2346 | D:4      | Killed a sky beast
  2346 | D:4      | Reached skill level 5 in Axes
  2346 | D:4      | Reached skill level 5 in Armour
  2361 | D:4      | Found a staircase to the Ecumenical Temple.
  2452 | D:4      | Reached XP level 7. HP: 47/61 MP: 7/7
  2528 | D:4      | Reached * piety under Makhleb
  2803 | D:5      | Entered Level 5 of the Dungeon
  2831 | D:5      | Found a sparkling altar of Nemelex Xobeh.
  2951 | D:5      | Found a basalt altar of Yredelemnul.
  3086 | D:5      | Found a white marble altar of Elyvilon.
  3316 | D:5      | Found a snail-covered altar of Cheibriados.
  3487 | D:6      | Reached XP level 8. HP: 70/70 MP: 9/9
  3769 | D:6      | Found a bloodstained altar of Trog.
  3774 | D:6      | Found a hide-covered altar of Uskayaw.
  3823 | D:6      | Found a glowing golden altar of the Shining One.
  4165 | D:7      | Found a radiant altar of Vehumet.
  4172 | D:7      | Found a shadowy altar of Dithmenos.
  4380 | D:7      | Reached ** piety under Makhleb
  4464 | D:7      | Reached XP level 9. HP: 79/79 MP: 9/11
  5063 | D:8      | Reached skill level 5 in Invocations
  5419 | D:8      | Noticed a two-headed ogre
  5427 | D:8      | HP: 3/81 [two-headed ogre/giant spiked club (8)]
  5440 | D:8      | HP: 4/81 [hound skeleton (2)]
  6328 | D:8      | Noticed a two-headed ogre
  6339 | D:8      | HP: 1/82 [two-headed ogre/giant club (8)]
  6341 | D:8      | Killed a two-headed ogre
  6341 | D:8      | Reached XP level 10. HP: 13/90 MP: 0/13
  6780 | D:8      | Killed a two-headed ogre
  6840 | D:9      | Found a flagged portal.
  6863 | Bailey   | Entered a bailey
  6871 | Bailey   | Noticed a deep elf mage
  6886 | Bailey   | Killed a deep elf mage
  7221 | Bailey   | Noticed a deep elf mage
  7222 | Bailey   | Noticed a deep elf mage
  7222 | Bailey   | Noticed a deep elf mage
  7222 | Bailey   | Noticed a deep elf mage
  7222 | Bailey   | Noticed a deep elf mage
  7230 | Bailey   | Killed a deep elf mage
  7234 | Bailey   | Killed a deep elf mage
  7234 | Bailey   | HP: 4/91 [deep elf mage collision (14)]
  7237 | Bailey   | HP: 1/91 [deep elf mage/enchanted long sword (3)]
  7238 | Bailey   | Slain by a deep elf mage

Vault maps used:
D:1:      scummos_arrival_checkerplants, grunt_decor_arrowhead,
          dk_noncrumbling_4, hex_large
D:2:      overflow_temple_1_default, nicolae_overflow_hidden_temple,
          first_ration, uniq_terence
D:3:      makhleb_blood_cavern_becter
D:4:      lemuel_doored_altar, minmay_temple_entry_from_below_b
D:5:      lemuel_coloured_pillars_altar, nicolae_overflow_crystal_walls,
          nemelex_xobeh_ov_fountains_minmay, yredelemnul_altar_generic
D:6:      kennysheep_mini_moat, old_standard_altar, tso_altar
D:7:      amethyst_overflow_temple_binary, the_bakery, grunt_ministairs_12
D:8:      minmay_ornate_pinched
D:9:      enter_bailey_1, eino_tiny_chamber, fedhas_bush_and_centaur_altar
Bailey:   bailey_polearm_3, bailey

Skill      XL: |  1  2  3  4  5  6  7  8  9 10 |
---------------+-------------------------------+-----
Fighting       | 4 5 6 7 8 9 |  9.3
Shields        | 4 5 6 7 8 9 |  9.3
Armour         | 4 5 6 7 8 9 |  9.3
Axes           | 3 4 5 6 7 8 9 |  9.2
Invocations    | 1 2 3 4 6 |  6.6
Dodging        | |  0.6
Stealth        | |  0.9

Action                   |  1- 3 |  4- 6 |  7- 9 | 10-12 || total
-------------------------+-------+-------+-------+-------++-------
Melee: War axe           |    95 |   116 |   304 |    42 ||   557
       Headbutt          |    15 |    18 |    73 |     7 ||   113
  Use: Scroll            |       |       |     5 |     1 ||     6
 Stab: Distracted        |       |       |       |     1 ||     1
  Eat: Chunk             |       |     5 |    13 |     2 ||    20
Armor: Scale mail        |    46 |    38 |     6 |       ||    90
       Ring mail         |       |       |   104 |    10 ||   114
Dodge: Dodged            |    41 |    38 |   109 |     5 ||   193
Block: Shield            |    39 |    59 |   189 |    24 ||   311

Table legend:
 A = Spawn XP
 B = Non-spawn XP
 C = Spawn XP percentage of total XP
 D = Spawn monster count
 E = Non-spawn monster count
 F = Spawn count percentage of total count
 G = Total turns spent on level
                    A         B        C        D         E        F      G
               +---------+---------+-------+---------+---------+-------+---------
         Total |       0 |    8561 |   0.0 |       0 |     162 |   0.0 |  7238
               +---------+---------+-------+---------+---------+-------+---------
           D:1 |       0 |      64 |   0.0 |       0 |      30 |   0.0 |   592
           D:2 |       0 |      55 |   0.0 |       0 |      13 |   0.0 |   765
           D:3 |       0 |     150 |   0.0 |       0 |      23 |   0.0 |   842
           D:4 |       0 |     528 |   0.0 |       0 |      19 |   0.0 |   604
           D:5 |       0 |     463 |   0.0 |       0 |       8 |   0.0 |   666
           D:6 |       0 |     662 |   0.0 |       0 |      11 |   0.0 |   492
           D:7 |       0 |    1680 |   0.0 |       0 |      24 |   0.0 |  1464
           D:8 |       0 |    3523 |   0.0 |       0 |      29 |   0.0 |  1399
           D:9 |       0 |      55 |   0.0 |       0 |       2 |   0.0 |    39
        Bailey |       0 |    1381 |   0.0 |       0 |       3 |   0.0 |   375
               +---------+---------+-------+---------+---------+-------+---------
